 Dungeon Crawl Stone Soup version 0.30-a0-626-gd6a5dd7a1f (webtiles) character file.

Game seed: 18209397709682380212

333 themarg the Insei (level 6, -14/70 HPs)
             Began as a Gnoll Transmuter on Jan 11, 2023.
             Demolished by Menkaure (17 damage)
             ... on level 5 of the Dungeon.
             The game lasted 00:06:07 (3176 turns).

themarg the Insei (Gnoll Transmuter)                Turns: 3176, Time: 00:06:07

Health: -14/70     AC: 23    Str:  9    XL:     6   Next: 52%
Magic:  13/14      EV:  2    Int: 15    God:
Gold:   256        SH:  0    Dex: 18    Spells: 9/15 levels left

rFire   . . .      SeeInvis .      - Unarmed
rCold   . . .      Faith    .    (no shield)
rNeg    . . .      Spirit   .    (body armour currently unavailable)
rPois   +          Reflect  .    (helmet currently unavailable)
rElec   .          Harm     .    (cloak currently unavailable)
rCorr   .          Rampage  .    (gloves currently unavailable)
Will    .....      NoTele   +    (boots currently unavailable)
Stlth   ++                       (no amulet)
HPRegen 0.31/turn                s - +6 ring of dexterity
MPRegen 0.14/turn                (no ring)

@: tree-form
A: stationary, stasis, torment immunity, boosted hp, (fangs 1), strong nose,
distributed training
a: no special abilities


You were on level 5 of the Dungeon.
You were a tree.
You visited 1 branch of the dungeon, and saw 5 of its levels.

You collected 256 gold pieces.

Inventory:

Missiles
 m - 47 stones
 p - 10 boomerangs
Armour
 a - a +0 robe (melded)
 t - a +0 pair of gloves (melded)
Jewellery
 s - a +6 ring of dexterity (left branch)
Wands
 k - a wand of iceblast (3)
 o - a wand of polymorph (8)
Scrolls
 c - 2 scrolls of poison
 e - 4 scrolls of teleportation
 f - a scroll of torment
 h - 2 scrolls of silence {unknown}
 j - 2 scrolls of fear
 r - a scroll of immolation {unknown}
 v - a scroll of magic mapping {unknown}
 w - a scroll of vulnerability {unknown}
Potions
 b - a potion of lignification
 d - 6 potions of curing
 g - a potion of resistance
 i - 2 potions of mutation
 l - 2 potions of flight
 n - a potion of berserk rage
 q - a potion of haste
 u - 2 potions of heal wounds {unknown}


   Skills:
 + Level 3.3 Fighting
 + Level 2.1 Short Blades
 + Level 2.1 Long Blades
 + Level 2.1 Axes
 + Level 2.1 Maces & Flails
 + Level 2.1 Polearms
 + Level 2.1 Staves
 + Level 2.1 Ranged Weapons
 + Level 2.1 Throwing
 + Level 2.1 Armour
 + Level 5.0 Dodging
 + Level 2.1 Stealth
 + Level 2.1 Shields
 + Level 6.9 Unarmed Combat
 + Level 5.4 Spellcasting
 + Level 1.6 Conjurations
 + Level 1.6 Hexes
 + Level 1.6 Summonings
 + Level 1.6 Necromancy
 + Level 1.6 Translocations
 + Level 4.1 Transmutations
 + Level 1.6 Fire Magic
 + Level 1.6 Ice Magic
 + Level 1.6 Air Magic
 + Level 1.6 Earth Magic
 + Level 1.6 Poison Magic
 + Level 2.3 Invocations
 + Level 2.1 Evocations


You had 9 spell levels left.
You knew the following spells:

 Your Spells              Type           Power      Damage    Failure   Level
a - Beastly Appendage     Tmut           32%        N/A       2%          1
b - Wereblood             Tmut           16%        N/A       4%          2
c - Spider Form           Tmut/Pois      12%        N/A       14%         3

Your spell library contained the following spells:

 Spells                   Type           Power      Damage    Failure   Level
 Freeze                   Ice            36%        1d5       8%          1
 Frozen Ramparts          Ice            18%        1d3       24%         3
 Hailstorm                Conj/Ice       9%         3d4       24%         3
 Ozocubu's Armour         Ice            9%         N/A       24%         3
 Ice Form                 Ice/Tmut       12%        N/A       43%         4
 Ozocubu's Refrigeration  Ice            4%         4d8       100%        7


Dungeon Overview and Level Annotations

Branches:
Dungeon (5/15)
 Temple: D:4-7

Altars:
Ashenzari
Kikubaaqudgha

Annotations:
D:4 2 transporters
D:5 Menkaure


Innate Abilities, Weirdness & Mutations

You are a tree.
Your roots penetrate the ground, keeping you stationary.
You cannot be teleported.
You are immune to unholy pain and torment.
Your maximum health is greatly increased.
Your equipment is partially melded.
((You have very sharp teeth.))
Your uncanny sense of smell can sniff out nearby items.
Your experience applies equally to all skills.


Message History

You barely miss the phantom.
The phantom is almost destroyed.
Menkaure shouts!
Menkaure calls on the powers of darkness!
Your body is wracked with pain!
You closely miss the phantom.
The phantom is almost destroyed.
The phantom closely misses you.
You barely miss the phantom.
The phantom is almost destroyed.
Your transformation has ended.
Your +0 pair of gloves unmelds from your body.
Your +0 robe unmelds from your body.
The phantom hits you.
The phantom blinks!
You blink.
You hit Menkaure.
Menkaure is lightly damaged.
The phantom hits you but does no damage.
Menkaure mumbles some strange words.
Menkaure seems to speed up.
You hit Menkaure. You bite Menkaure, but do no damage.
Menkaure is moderately damaged.
Menkaure hits you. The phantom hits you.
* * * LOW HITPOINT WARNING * * *
The phantom blinks!
You blink.
You hit Menkaure. You punch Menkaure, but do no damage.
Menkaure is heavily damaged.
Menkaure hits you!
* * * LOW HITPOINT WARNING * * *
The phantom hits you.
* * * LOW HITPOINT WARNING * * *
Really quaff the potion of lignification?
You turn into a tree.
Your +0 pair of gloves melds into your body.
Your +0 robe melds into your body.
Your roots penetrate the ground.
Menkaure hits you but does no damage. The phantom hits you.
* * * LOW HITPOINT WARNING * * *
You hit Menkaure.
Menkaure is severely damaged.
Menkaure hits you!
You die...

##### #...# #.#.#
###W#.## #.♣M§..#
#.#.#......# #
###.#.##.##### #.∆
#.!...# .# #..
###.....# #
##...######.......#
............##.......
∆
.......<<......#.#....
...................##.


You could see a phantom and Menkaure (fast).

Vanquished Creatures
  A phantom (D:4)
  A scorpion (D:4)
  2 jellies
  A hound (D:4)
  An orc wizard (D:4)
  3 adders
  A dart slug (D:4)
  An orc (D:4)
  2 ball pythons
  5 endoplasms
  A giant cockroach (D:1)
  4 goblins
  5 hobgoblins
  2 jackals (D:4)
  3 kobolds
  6 quokkas
  3 bats
  6 frilled lizards
  7 rats
  A spectral goblin (D:3)
56 creatures vanquished.

Notes
Turn   | Place    | Note
-------+----------+-------------------------------------------
     0 | D:1      | themarg the Gnoll Transmuter began the quest for the Orb.
     0 | D:1      | Reached XP level 1. HP: 17/17 MP: 6/6
   212 | D:1      | Reached XP level 2. HP: 23/23 MP: 5/7
   215 | D:1      | Learned a level 2 spell: Wereblood
   822 | D:2      | Reached skill level 5 in Spellcasting
   822 | D:2      | Reached XP level 3. HP: 17/28 MP: 6/9
   871 | D:2      | Learned a level 3 spell: Spider Form
   946 | D:2      | Reached skill level 1 in Invocations
  1035 | D:2      | Reached skill level 1 in Short Blades
  1035 | D:2      | Reached skill level 1 in Long Blades
  1035 | D:2      | Reached skill level 1 in Axes
  1035 | D:2      | Reached skill level 1 in Maces & Flails
  1035 | D:2      | Reached skill level 1 in Polearms
  1035 | D:2      | Reached skill level 1 in Staves
  1035 | D:2      | Reached skill level 1 in Ranged Weapons
  1035 | D:2      | Reached skill level 1 in Throwing
  1035 | D:2      | Reached skill level 1 in Armour
  1035 | D:2      | Reached skill level 1 in Stealth
  1035 | D:2      | Reached skill level 1 in Shields
  1035 | D:2      | Reached skill level 1 in Evocations
  1585 | D:3      | Reached XP level 4. HP: 34/34 MP: 11/11
  1705 | D:3      | Found a faded altar of an unknown god.
  2088 | D:4      | Reached skill level 1 in Conjurations
  2088 | D:4      | Reached skill level 1 in Hexes
  2088 | D:4      | Reached skill level 1 in Summonings
  2088 | D:4      | Reached skill level 1 in Necromancy
  2088 | D:4      | Reached skill level 1 in Translocations
  2088 | D:4      | Reached skill level 1 in Fire Magic
  2088 | D:4      | Reached skill level 1 in Ice Magic
  2088 | D:4      | Reached skill level 1 in Air Magic
  2088 | D:4      | Reached skill level 1 in Earth Magic
  2088 | D:4      | Reached skill level 1 in Poison Magic
  2189 | D:4      | Reached XP level 5. HP: 39/40 MP: 6/12
  2261 | D:4      | Noticed a phantom
  2278 | D:4      | Killed a phantom
  2279 | D:4      | Reached XP level 6. HP: 28/47 MP: 8/13
  2381 | D:4      | Reached skill level 5 in Dodging
  2556 | D:4      | Found a broken altar of Ashenzari.
  2557 | D:4      | Found a transporter.
  2557 | D:4      | Noticed an orc warrior
  2558 | D:4      | Found an ancient bone altar of Kikubaaqudgha.
  2564 | D:4      | Found a transporter.
  3052 | D:5      | Entered Level 5 of the Dungeon
  3165 | D:5      | Noticed Menkaure
  3175 | D:5      | HP: 2/70 [phantom (6)]
  3176 | D:5      | Demolished by Menkaure

Illustrated notes

Levels and vault maps discovered:
D:1:      shiori_arrival_maze, layout_basic, st_stairs_2
D:2:      wander_river, layout_rooms, minmay_liquid_box, serial_bayou_pond_c
D:3:      layout_loops_cross, dreamdust_ecumenical_altar_drowned_temple,
          st_stairs_9
D:4:      layout_basic, gammafunk_temple_overflow_arena, minmay_misc_feat_rows,
          st_stairs_10, minmay_distorted
D:5:      layout_loops_cross, mainiacjoe_overflow_cross_hatched, uniq_eustachio,
          uniq_menkaure

Skill      XL: |  1  2  3  4  5  6 |
---------------+-------------------+-----
Spellcasting   | 5 |  5.4
Invocations    | 1 2 |  2.3
Short Blades   | 1 2 |  2.1
Long Blades    | 1 2 |  2.1
Axes           | 1 2 |  2.1
Maces & Flails | 1 2 |  2.1
Polearms       | 1 2 |  2.1
Staves         | 1 2 |  2.1
Ranged Weapons | 1 2 |  2.1
Throwing       | 1 2 |  2.1
Armour         | 1 2 |  2.1
Stealth        | 1 2 |  2.1
Shields        | 1 2 |  2.1
Evocations     | 1 2 |  2.1
Conjurations   | 1 |  1.6
Hexes          | 1 |  1.6
Summonings     | 1 |  1.6
Necromancy     | 1 |  1.6
Translocations | 1 |  1.6
Fire Magic     | 1 |  1.6
Ice Magic      | 1 |  1.6
Air Magic      | 1 |  1.6
Earth Magic    | 1 |  1.6
Poison Magic   | 1 |  1.6
Fighting       | 3 |  3.3
Transmutations | 4 |  4.1
Dodging        | 5 |  5.0
Unarmed Combat | |  6.9

Action                   |  1- 3 |  4- 6 || total
-------------------------+-------+-------++-------
Melee: Unarmed           |    82 |    82 ||   164
       Bite              |     7 |     3 ||    10
       Headbutt          |    11 |     4 ||    15
       Kick              |     8 |     2 ||    10
       Punch             |       |     1 ||     1
 Cast: Beastly Appendage |    23 |     6 ||    29
       Wereblood         |     1 |       ||     1
       Spider Form       |       |    11 ||    11
  Use: Scroll            |       |    10 ||    10
       Potion            |       |     1 ||     1
 Stab: Sleeping          |     1 |     3 ||     4
       Distracted        |       |     1 ||     1
Armor: Robe              |    12 |     5 ||    17
       Skin              |       |     3 ||     3
Dodge: Dodged            |    48 |    58 ||   106

Table legend: (Time is in decaauts)
 A = Elapsed time spent in this place.
 B = Non-inter-level travel time spent in this place.
 C = Inter-level travel time spent in this place.
 D = Time resting spent in this place.
 E = Time spent auto-exploring this place.
 F = Levels seen in this place.
 G = Mean time per level.
                   A        B        C        D        E       F      G
               +--------+--------+--------+--------+--------+-----+--------+
         Total |   3180 |   3097 |     83 |    124 |   2495 |   5 |  636.0 |
       Dungeon |   3180 |   3097 |     83 |    124 |   2495 |   5 |  636.0 |
               +--------+--------+--------+--------+--------+-----+--------+

Top non-repeatable levels by time:
     D:4: 1053 daAuts
     D:1: 809 daAuts
     D:3: 641 daAuts
     D:2: 640 daAuts
     D:5: 35 daAuts
